 Dungeon Crawl Stone Soup version 0.23.2-33-g5129a83184 (webtiles) character file.

Game seed: 3613731999442556223

4389 MalarOregon the Ghoulish Child (level 10, -2/73 (77) HPs)
             Began as a Ghoul Earth Elementalist on July 12, 2019.
             Was a Follower of Hepliaklqana.
             Splashed by Maurice's acid (12 damage)
             ... on level 8 of the Dungeon.
             The game lasted 00:32:56 (11109 turns).

MalarOregon the Ghoulish Child (GhEE)              Turns: 11109, Time: 00:32:57

HP:   -2/73 (77)    AC:  2    Str: 13    XL:     10   Next: 35%
MP:   4/15          EV: 13    Int: 13    God:    Hepliaklqana [*.....]
Gold: 0             SH:  0    Dex:  9    Spells: 7/17 levels left

rFire    + . .     SeeInvis .   d - +3 dire flail (crush)
rCold    + . .     Gourm    .   (shield currently unavailable)
rNeg     + + +     Faith    .   c - +0 robe
rPois    ∞         Spirit   .   (no helmet)
rElec    .         Reflect  .   h - scarf {repulsion}
rCorr    .         Harm     .   r - +0 pair of gloves
MR       .....                  (no boots)
Stlth    ++........             (no amulet)
HPRegen  0.00/turn              i - ring of protection from fire
MPRegen  0.14/turn              j - +3 ring of protection

@: corroded, rotting, repel missiles
A: rotting body, reduced essence, claws 1, carnivore, cold resistance 1,
negative energy resistance 3, inhibited regeneration, torment resistance,
unbreathing
a: Recall Ancestor, Ancestor Identity, Renounce Religion


You were on level 8 of the Dungeon.
You worshipped Hepliaklqana.
Hepliaklqana was aware of your devotion.
You were not hungry.

You visited 2 branches of the dungeon, and saw 9 of its levels.

Inventory:

Hand Weapons
 d - a +3 dire flail of crushing (weapon)
   (You took it off Edmund on level 6 of the Dungeon)
Missiles
 b - 119 stones (quivered)
Armour
 c - a +0 robe (worn)
 h - a scarf of repulsion (worn)
   (You found it on level 1 of the Dungeon)
 r - a +0 pair of gloves (worn)
   (You found it on level 3 of the Dungeon)
Jewellery
 i - a ring of protection from fire (left hand)
   (You found it on level 6 of the Dungeon)
 j - a +3 ring of protection (right hand)
   (You found it on level 5 of the Dungeon)
Scrolls
 f - 2 scrolls of remove curse {@r2}
 g - 4 scrolls of amnesia
 q - a scroll of immolation {unknown}
 t - a scroll of enchant armour {unknown}
 v - a scroll of fear
 y - a scroll of summoning {unknown}
Potions
 a - a potion of curing {@q1}
 k - a potion of flight
 m - a potion of cancellation
 p - a potion of haste {@q3}
 s - a potion of heal wounds {@q2}
 z - a potion of brilliance
Comestibles
 e - 10 rations {!d}
 l - 5 chunks of flesh


   Skills:
 + Level 7.1 Fighting
 + Level 4.5 Dodging
 - Level 2.1 Stealth
 - Level 4.0 Spellcasting
 - Level 4.0 Conjurations
 - Level 5.2 Transmutations
 + Level 7.0 Earth Magic
 + Level 7.1 Invocations
   Level 0.2 Evocations


You had 7 spell levels left.
You knew the following spells:

 Your Spells              Type           Power        Failure   Level  Hunger
a - Sandblast             Erth           ###...       1%          1    None
b - Petrify               Tmut/Erth      ###.....     16%         4    ####...
q - Passwall              Tmut/Erth      ###.....     2%          2    ##.....
x - Stone Arrow           Conj/Erth      ###...       6%          3    ###....

Your spell library contained the following spells:

 Spells                   Type           Power        Failure   Level  Hunger
 Animate Skeleton         Necr           N/A          21%         1    None
 Apportation              Tloc           #.....       21%         1    None
 Confusing Touch          Hex            #.....       21%         1    None
 Summon Small Mammal      Summ           #...         21%         1    None
 Lee's Rapid Deconstruct  Erth           ###.......   30%         5    ######.


Dungeon Overview and Level Annotations

Branches:
Dungeon (7/15)             Temple (1/1) D:6            Lair (0/6) D:8

Altars:
Ashenzari
Cheibriados
Dithmenos
Elyvilon
Fedhas
Gozag
Hepliaklqana
Kikubaaqudgha
Makhleb
Nemelex Xobeh
Okawaru
Qazlal
Ru
Sif Muna
Uskayaw
Vehumet
Wu Jian
Xom
Zin
The Shining One

Annotations:
D:3 1 runed translucent door, Crazy Yiuf
D:7 exclusion: electric eel
D:8 Maurice


Innate Abilities, Weirdness & Mutations

Your body is rotting away.
You thrive on raw meat.
You are immune to poison.
You have sharp fingernails.
You are carnivorous and can eat meat at any time.
Your flesh is cold resistant. (rC+)
You are immune to negative energy. (rN+++)
You do not regenerate when monsters are visible.
You are immune to unholy pain and torment.
You can survive without breathing.
Your life essence is reduced to manifest your ancestor. (-10% HP)


Message History

Tlalli cannot move out of your way!
A stone appears from out of thin air!
The stone hits Tlalli!
A stone appears from out of thin air!
The stone hits Tlalli.
You hear some strange, mumbled words.
Your magical contamination has completely faded away.
Tlalli is no longer paralysed.
You hear a zap.
Tlalli suddenly stops moving!
You hear a zap.
Tlalli resists with some effort.
A stone appears from out of thin air!
The stone hits Tlalli.
Tlalli cannot move out of your way!
A stone appears from out of thin air!
The stone hits Tlalli.
A stone appears from out of thin air!
The stone hits Tlalli.
A stone appears from out of thin air!
The stone hits Tlalli!
A stone appears from out of thin air!
The stone hits Tlalli!
Tlalli is destroyed!
A stone appears from out of thin air!
The stone barely misses you.
You see here 6 stones.
b - 116 stones (gained 6)
A stone appears from out of thin air!
The stone hits you.
A stone appears from out of thin air!
The stone hits you but does no damage.
You see here a stone.
Something hits you! Something steals your wand of acid (5)!
You stop training Evocations.
You miss something. Something hits you!
* * * LOW HITPOINT WARNING * * *
Something grunts, "Curses!"
You hear some strange, mumbled words.
You closely miss something. Something hits you but does no damage.
Something hits you!
* * * LOW HITPOINT WARNING * * *
Something mutters, "Now where did you hide it?"
You hear some strange, mumbled words.
Okay, then.
Nothing appears to happen.
You see here a stone.
b - 117 stones (gained 1)
You see here a stone.
b - 118 stones (gained 1)
You see here a stone.
b - 119 stones (gained 1)
You hear a zap.
A bolt of acid appears from out of thin air!
The bolt of acid hits you!
* * * LOW HITPOINT WARNING * * *
The acid corrodes you!
You are splashed with acid!
You die...

#.# #.. #.#
#..
#######.######
..............
#######.######
#.# #
###########.#
#
#...........#
#@###########
#.........#
#.........#
#.........# ##
#.....♣...# ..
#..... ...# ..
#..... ...# ..
#####. .... ..
..


There were no monsters in sight!

Vanquished Creatures
  Pikel (D:3)
  Sigmund (D:6)
  3 yaks
  A basilisk (D:8)
  A wyvern (D:8)
  Duvessa (D:6)
  A slave (D:3)
  An orc warrior (D:8)
  2 porcupines (D:8)
  A sky beast (D:6)
  A hornet zombie (D:7)
  An ogre (D:6)
  6 centaurs
  2 crocodiles (D:8)
  A big kobold (D:8)
  A bullfrog (D:5)
  Dowan (D:6)
  3 scorpions
  A wight (D:7)
  A crimson imp (D:6)
  A centaur skeleton (D:6)
  2 hounds
  3 iguanas
  Natasha (thrice) (D:3)
  4 worker ants
  2 hound skeletons
  A hound zombie (D:5)
  8 adders
  A howler monkey skeleton (D:4)
  A shadow imp (D:5)
  2 oozes (D:3)
  An adder skeleton (D:4)
  An adder zombie (D:8)
  3 worms (D:2)
  3 dart slugs
  5 leopard geckos
  7 orcs
  A ball python (D:3)
  5 bats
  7 giant cockroaches
  9 goblins
  9 hobgoblins
  11 jackals
  4 quokkas
  5 frilled lizards
  14 kobolds
  5 rats
149 creatures vanquished.

Vanquished Creatures (collateral kills)
  2 yaks
  Edmund (D:6)
  2 porcupines (D:8)
  A scorpion (D:7)
  3 wights
  A bullfrog zombie (D:8)
  A hound (D:8)
  3 orcs (D:6)
  3 kobolds (D:8)
17 creatures vanquished.

Vanquished Creatures (others)
  4 ancestors (D:8)
  A bush (D:8)
  3 fungi (D:8)
  20 plants (D:8)
28 creatures vanquished.

Grand Total: 194 creatures vanquished

Notes
Turn   | Place    | Note
-------+----------+-------------------------------------------
     0 | D:1      | MalarOregon the Ghoul Earth Elementalist began the quest
                  | for the Orb.
     0 | D:1      | Reached XP level 1. HP: 14/14 MP: 2/2
   466 | D:1      | Reached XP level 2. HP: 22/22 MP: 3/3
   470 | D:1      | Learned a level 2 spell: Passwall
   551 | D:1      | Reached skill level 1 in Fighting
   586 | D:1      | Reached skill level 1 in Transmutations
  1585 | D:2      | Reached XP level 3. HP: 26/26 MP: 5/5
  2331 | D:2      | Reached XP level 4. HP: 36/36 MP: 6/6
  2716 | D:3      | Learned a level 3 spell: Stone Arrow
  2897 | D:3      | Noticed Natasha
  3878 | D:3      | Reached XP level 5. HP: 39/41 MP: 7/7
  3909 | D:3      | Found a runed translucent door.
  3910 | D:3      | Noticed Crazy Yiuf
  4212 | D:3      | Killed Natasha
  4212 | D:3      | Reached skill level 1 in Conjurations
  4244 | D:3      | Noticed Natasha
  4255 | D:3      | Killed Natasha
  4458 | D:3      | Noticed Natasha
  4467 | D:3      | Killed Natasha
  4897 | D:3      | Reached XP level 6. HP: 26/50 MP: 9/9
  5083 | D:4      | Learned a level 4 spell: Petrify
  5102 | D:4      | Noticed a slave
  5102 | D:4      | Noticed a slave
  5103 | D:4      | Noticed Pikel
  5103 | D:4      | Noticed a slave
  5103 | D:4      | Noticed a slave
  5145 | D:3      | Killed a slave
  5418 | D:3      | Killed Pikel
  5418 | D:3      | Reached XP level 7. HP: 6/59 MP: 0/11
  6097 | D:4      | Found an iron altar of Okawaru.
  6393 | D:4      | Reached XP level 8. HP: 53/65 MP: 13/13
  6653 | D:5      | Entered Level 5 of the Dungeon
  6970 | D:5      | Noticed a yak
  6978 | D:5      | Noticed a yak
  6979 | D:5      | Noticed a yak
  7158 | D:6      | Noticed Sigmund
  7430 | D:6      | Found a staircase to the Ecumenical Temple.
  7443 | Temple   | Entered the Ecumenical Temple
  7588 | Temple   | Became a worshipper of Hepliaklqana the Forgotten
  7619 | D:6      | Noticed Dowan
  7619 | D:6      | Noticed Duvessa
  7631 | D:6      | Noticed Edmund
  8215 | D:6      | Killed Edmund
  8215 | D:6      | Reached skill level 1 in Invocations
  8329 | D:6      | Killed Sigmund
  8329 | D:6      | Reached XP level 9. HP: 50/61 MP: 10/14
  8336 | D:6      | Killed Duvessa
  8336 | D:6      | Reached skill level 5 in Fighting
  8336 | D:6      | Reached skill level 5 in Earth Magic
  8346 | D:6      | Killed Dowan
  8784 | D:5      | Reached skill level 5 in Invocations
  9949 | D:7      | You fall through a shaft!
  9949 | D:8      | Reached * piety under Hepliaklqana
 10256 | D:8      | Noticed Maurice
 10284 | D:8      | Reached XP level 10. HP: 30/73 MP: 3/15
 10682 | D:8      | Found a staircase to the Lair.
 10712 | D:8      | Reached skill level 5 in Transmutations
 11109 | D:8      | Splashed by Maurice's acid

Skill      XL: |  1  2  3  4  5  6  7  8  9 10 |
---------------+-------------------------------+-----
Spellcasting   | 2 3 4 |  4.0
Fighting       | 1 2 4 6 7 |  7.1
Transmutations | 1 2 3 4 5 |  5.2
Earth Magic    | 4 6 7 |  7.0
Conjurations   | 1 2 3 4 |  4.0
Dodging        | 4 |  4.5
Invocations    | 2 6 7 |  7.1
Stealth        | |  2.1
Evocations     | |  0.2

Action                   |  1- 3 |  4- 6 |  7- 9 | 10-12 || total
-------------------------+-------+-------+-------+-------++-------
Melee: Unarmed           |    23 |       |       |       ||    23
       Short sword       |    66 |       |       |       ||    66
       Dagger            |    58 |   273 |       |       ||   331
       Whip              |       |       |   172 |       ||   172
       Dire flail        |       |       |   138 |    52 ||   190
 Cast: Sandblast         |       |    21 |    20 |     1 ||    42
       Stone Arrow       |       |       |    14 |     7 ||    21
       Petrify           |       |       |    10 |     3 ||    13
Invok: Recall Ancestor   |       |       |     2 |       ||     2
Evoke: Wand              |       |     1 |     2 |     2 ||     5
  Use: Scroll            |       |     3 |    11 |       ||    14
       Potion            |       |       |     1 |       ||     1
 Stab: Sleeping          |     5 |       |     4 |       ||     9
       Petrified         |       |       |    33 |       ||    33
       Distracted        |       |       |     1 |       ||     1
  Eat: Chunk             |     6 |    13 |    28 |     9 ||    56
       Ration            |       |       |     1 |       ||     1
Armor: Robe              |    21 |    91 |    67 |    16 ||   195
Dodge: Dodged            |    79 |   253 |   227 |    26 ||   585
       Deflected         |     1 |       |     7 |     4 ||    12
